[Event "Late-Titled-Tuesday-Blitz-September-05-2023"]
[Site "Chess.com"]
[Date "2023.09.05"]
[Round "3"]
[White "Alexei_Gubajdullin"]
[Black "jefferyx"]
[Result "1/2-1/2"]
[WhiteElo "2595"]
[BlackElo "3022"]
[TimeControl "180+1"]
[EndTime "14:30:07 PDT"]
[Termination "Game drawn - insufficient material"]

1. d4 d5 2. Nf3 Nf6 3. Bf4 c5 4.
e3 Qb6 5. Nc3 a6 6. a3 Bg4 7.
dxc5 Qxc5 8. Qd4 e6 9. Ne5 Bf5 10. Qa4+ Nbd7 11. Bb5 Rd8 12. Bd3 Bg6 13. h4 Bd6 14.
Bxg6 hxg6 15. Nd3 Qc7 16. Bxd6 Qxd6 17. Qb4 Qxb4 18. axb4 Rc8 19. b5 axb5 20. Nxb5 Ke7 21. c3 Ra8 22. Ke2 Ne4 23. g3 Nb6 24. Ne5 Nd7 25. Nxd7 Kxd7 26. Rhd1 Kc6 27. Nd4+ Kc5 28. Nf3 f6 29. Nd4 Kd6 30. Nb5+ Ke7 31. Nc7 Rxa1 32. Rxa1 g5 33. Ra7 gxh4 34. gxh4 Rxh4 35. Rxb7 Rh2 36. Nxd5+ Kd6 37. Nf4 Rxf2+ 38. Ke1 e5 39.
Nd3 Rh2 40. Rxg7 Rd2 41. Nb4 Rxb2 42. Rf7 Nxc3 43. Rxf6+ Ke7 44. Rb6 Kd7 45. Kf1 Nd1 46.
Nd5 Nxe3+ 47. Ke1 Ng2+ 48. Kf1 Rd2 49. Nf6+ Ke7 50. Ng4 Nf4 51. Nxe5 Nd5 52. Ng6+ Kf7 53. Ne5+ Ke7 54. Ng6+ Kd7 55. Ne5+ Kc7 56. Rc6+ Kb7 57.
Rc5 Ne3+ 58. Ke1 Rg2 59. Nc4 Nc2+ 60. Kf1 Rh2 61. Nd6+ Kb6 62. Rc8 Ne3+ 63. Kg1 Rg2+ 64. Kh1 Rg4 65. Kh2 Rd4 66. Ne8 Nf5 67. Rb8+ Kc6 68. Kg2 Ne7 69. Ra8 Rf4 70. Kg3 Nd5 71. Ra6+ Kd7 72. Rd6+ Kxe8 73. Rxd5 Rf6 74. Re5+ Kd7 75.
Re4 Re6 76. Rxe6 Kxe6 1/2-1/2

[Event "Late-Titled-Tuesday-Blitz-September-05-2023"]
[Site "Chess.com"]
[Date "2023.09.05"]
[Round "3"]
[White "alertakobra"]
[Black "Rinqed222"]
[Result "0-1"]
[WhiteElo "2369"]
[BlackElo "2233"]
[TimeControl "180+1"]
[EndTime "14:30:08 PDT"]
[Termination "Rinqed222 won on time"]

1. d4 Nf6 2. c4 g6 3. Nc3 Bg7 4. e4 d6 5. h3 O-O 6. Be3 e5 7.
d5 Na6 8. g4 Nc5 9. f3 a5 10.
Qd2 c6 11. Nge2 cxd5 12. cxd5 Rb8 13. Nb5 Nfxe4 14. fxe4 Nxe4 15. Qc2 Qh4+ 16. Kd1 Bxg4 17. Bg2 Bxe2+ 18. Qxe2 Ng3 19. Qf2 Qa4+ 20. b3 Nxh1 21. bxa4 Nxf2+ 22. Bxf2 e4 23. Rc1 Be5 24. Bxe4 f5 25. Bf3 Rfc8 26. Rb1 Rc4 27. a3 Re8 28. Kd2 Rf4 29. Rb3 Rxa4 30. Nc7 Bf4+ 31. Kd1 Rc8 32. Ne6 Rc1+ 33. Ke2 Rc2+ 34. Kf1 Be5 35. Bd1 Rc1 36. Ke2 Re4+ 37. Kd2 Ra1 38. Bc2 Ra2 39. Kd1 Rxc2 40. Kxc2 Re2+ 41. Kd3 Rxf2 42. Rxb7 Rf3+ 43. Kc4 Rxa3 44.
Rb8+ Kf7 45. Rf8+ Ke7 46. Ra8 Rxh3 47. Ra7+ Kf6 48. Rxa5 Rc3+ 49. Kb5 h5 50. Ra8 h4 51.
Rf8+ Ke7 52. Rg8 Kf7 53. Rf8+ Ke7 54. Rg8 Rg3 55. Kc6 h3 56. Ra8 Rc3+ 57. Kb5 h2 58. Ra7+ Kf6 59. Rh7 Rc2 60. Kb6 Rb2+ 61. Kc7 Rb1 62.
Kd7 h1=Q 63. Re7 Qxd5 64. Ke8 Rb8+ 65. Nd8 Rxd8+ 66. Kxd8 Qa8+ 67. Kd7 Qa7+ 0-1

[Event "Late-Titled-Tuesday-Blitz-September-05-2023"]
[Site "Chess.com"]
[Date "2023.09.05"]
[Round "3"]
[White "mishanick"]
[Black "GaiozNigalidze"]
[Result "1-0"]
[WhiteElo "3069"]
[BlackElo "2761"]
[TimeControl "180+1"]
[EndTime "14:30:09 PDT"]
[Termination "mishanick won by resignation"]

1. d4 d5 2. c4 dxc4 3. Nf3 Nf6 4.
e3 e6 5. Bxc4 a6 6. O-O b5 7. Bb3 Bb7 8. Nc3 Nbd7 9. e4 b4 10. e5 bxc3 11. exf6 Nxf6 12. bxc3 Bd6 13. Ba4+ Kf8 14. Ne5 h6 15. Qe2 Nd5 16. Bd2 Bxe5 17.
Qxe5 Nb6 18. Bb3 Qd6 19. Bf4 Qxe5 20. Bxe5 Rc8 21. c4 Nd7 22. Bf4 Ke7 23. Rad1 Rhd8 24. Rfe1 Kf8 25. f3 Nb6 26. Kf2 a5 27. c5 Nd5 28.
Bd2 Ra8 29. Ba4 Nb4 30. Bf4 Bc6 31. Bb3 Rd7 32. Rd2 Bd5 33. Ba4 Bc6 34. Bd1 Rad8 35. a3 Rxd4 36. Rxd4 Rxd4 37. Bxc7 Nd3+ 38. Ke3 Rd7 39.
Rg1 Nb2 40. Bd6+ Ke8 41. Be2 Rb7 42. Rb1 Kd7 43. Kd4 f6 44. f4 Na4 45. Rxb7+ Bxb7 46. g4 g5 47. fxg5 hxg5 48. h3 Bc6 49. Bf1 Nb2 50.
Be2 Na4 51. Bf8 Nb2 52. Ba6 Nd1 53. Bd6 Nf2 54. Be2 Nxh3 55. Ke3 e5 56. Bd3 e4 57. Bxe4 Bxe4 58. Kxe4 Ke6 59. Bg3 Ng1 60. Ke3 Kd5 61. Kf2 Nh3+ 62. Kg2 Nf4+ 63. Bxf4 gxf4 64. Kf3 Kxc5 65. Kxf4 Kc4 66. Kf5 Kb3 67. Kxf6 Kxa3 68. g5 Kb3 69. g6 a4 70. g7 a3 71. g8=Q+ Kb2 72. Qb8+ Kc2 73. Qc7+ Kb2 74. Qb6+ Kc2 75. Qc5+ Kb2 76. Qb5+ Ka2 77. Qb4 Ka1 78. Qxa3+ 1-0

[Event "Late-Titled-Tuesday-Blitz-September-05-2023"]
[Site "Chess.com"]
[Date "2023.09.05"]
[Round "3"]
[White "BeanScreen"]
[Black "Lady_Nika"]
[Result "1-0"]
[WhiteElo "2706"]
[BlackElo "2477"]
[TimeControl "180+1"]
[EndTime "14:30:09 PDT"]
[Termination "BeanScreen won on time"]

1. e4 c5 2. Nf3 e6 3. d4 cxd4 4. Nxd4 Nc6 5. Nc3 a6 6. g3 Qc7 7. Bg2 Nf6 8. O-O Be7 9. Re1 d6 10. Nxc6 bxc6 11. e5 dxe5 12. Rxe5 Nd5 13. Nxd5 cxd5 14.
Bf4 Qb6 15. c4 Bf6 16. Qxd5 Ra7 17. Qc6+ Qxc6 18. Bxc6+ Bd7 19. Rc5 O-O 20. Bxd7 Rxd7 21.
Be5 Bxe5 22. Rxe5 Rc8 23. b3 Rd6 24. Rae1 Kf8 25. R1e2 Ke7 26. Ra5 f6 27. c5 Rdc6 28. b4 Rb8 29. Ra4 Rd8 30. Re3 e5 31. Rea3 Rd4 32. Rb3 Ke6 33. a3 Kd5 34. Ra5 Kc4 35. Rb1 Rd3 36. a4 Ra3 37. b5 axb5 38. axb5 Rxa5 39.
bxc6 Ra8 40. Rb7 Kxc5 41. Rxg7 Kxc6 42. Rxh7 Kd6 43. h4 Ke6 44. g4 Ra4 45. Rg7 f5 46. f3 fxg4 47. fxg4 Kf6 48. Rg8 Ra2 49. h5 e4 50. h6 Ra7 51. g5+ Kf5 52. g6 Ra1+ 53. Kf2 Ra2+ 54. Kg3 Ra3+ 55. Kh4 e3 56. h7 Ra4+ 57. Kg3 e2 58. Kf2 Re4 59. Ke1 Kf4 60.
h8=Q 1-0

[Event "Late-Titled-Tuesday-Blitz-September-05-2023"]
[Site "Chess.com"]
[Date "2023.09.05"]
[Round "3"]
[White "crazy_but_lazy"]
[Black "Akhayan"]
[Result "1-0"]
[WhiteElo "2592"]
[BlackElo "2365"]
[TimeControl "180+1"]
[EndTime "14:30:14 PDT"]
[Termination "crazy_but_lazy won by resignation"]

1. Nf3 Nf6 2. c4 g6 3. d4 Bg7 4.
g3 c6 5. Bg2 d5 6. O-O O-O 7.
cxd5 cxd5 8. Ne5 e6 9. Nc3 Nfd7 10. f4 Nc6 11. Be3 f6 12. Nxd7 Bxd7 13. Bf2 f5 14. e3 Ne7 15. h3 Nc8 16. g4 Nd6 17. g5 Rc8 18. h4 h5 19. gxh6 Bxh6 20. Qf3 Kh7 21. Rac1 Rg8 22. Kh2 Ne4 23. Nxe4 dxe4 24. Qe2 a6 25. Rg1 Bb5 26. Qd2 Bg7 27. b3 Bf6 28. Rh1 Kg7 29. Rxc8 Qxc8 30. Rc1 Qd8 31.
Kh3 Rh8 32. Qe1 Bc6 33. Rc5 Be7 34. Rc2 g5 35. fxg5 Bxg5 36. Bg3 Bf6 37. Bf1 Kf7 38.
Bc4 Qg8 39. Be2 Qg7 40. Bd1 Qh6 41. Rg2 Bd5 42. h5 Ke7 43. Bf4 Qh7 44. Qb4+ Kf7 45. Qd6 Rg8 46. Qc7+ Be7 47. Bd6 Re8 48. Be5 f4 49.
Bxf4 Qf5+ 50. Bg4 Qf6 51. Bg3 Qf1 52. Qf4+ Qxf4 53. Bxf4 Bf6 54. Rf2 Ke7 55. Be5 Bxe5 56. dxe5 Rh8 57. Rf6 b5 58. h6 a5 59. Kh4 a4 60. Kg5 axb3 61. axb3 Bxb3 62. Rg6 Bd5 63.
Rg7+ Kf8 64. Kg6 b4 65. h7 b3 66. Rf7+ Ke8 67. Bd1 b2 68. Ba4+ Kd8 69. Bc2 Bb3 70. Bb1 Ba4 71. Kg7 Re8 72. Rf8 Rxf8 73. Kxf8 Kd7 74.
h8=Q 1-0

[Event "Late-Titled-Tuesday-Blitz-September-05-2023"]
[Site "Chess.com"]
[Date "2023.09.05"]
[Round "3"]
[White "dretch"]
[Black "DawidCzerw"]
[Result "1/2-1/2"]
[WhiteElo "2865"]
[BlackElo "2505"]
[TimeControl "180+1"]
[EndTime "14:30:19 PDT"]
[Termination "Game drawn by repetition"]

1. d4 Nf6 2. c4 e6 3. Nc3 Bb4 4.
Qc2 b6 5. e4 Bxc3+ 6. bxc3 d6 7. Bd3 e5 8. Ne2 O-O 9. O-O Ne8 10. f4 f6 11. c5 bxc5 12. fxe5 dxe5 13. dxe5 Nd7 14.
Bc4+ Kh8 15. Bd5 Rb8 16. Ba3 Nxe5 17. Bxc5 Nd6 18. Bxa7 Rb5 19. Bd4 c6 20. c4 Ra5 21.
Bxe5 cxd5 22. Bxd6 Qxd6 23. cxd5 Ba6 24. Rfc1 Bxe2 25.
Qxe2 Rfa8 26. Rc6 Qe5 27. Rac1 h6 28. Rc8+ Rxc8 29. Rxc8+ Kh7 30. Qc2 Qa1+ 31. Kf2 Rxa2 32. Ke3 Rxc2 33. Rxc2 Qe1+ 34. Kd3 Qd1+ 35. Rd2 Qb3+ 36.
Ke2 Qb5+ 37. Ke3 Qc5+ 38. Ke2 Qd6 39. g3 Kg6 40. Ke3 f5 41. exf5+ Kxf5 42. Kf3 g5 43.
Rd1 g4+ 44. Kf2 Ke4 45. Re1+ Kd3 46. Rd1+ Kc2 47. Re1 Qxd5 48. Kg1 Qf3 49. Rf1 Qe3+ 50. Kg2 Kd2 51. Rf4 Ke1 52. Rxg4 Qe2+ 53. Kh3 Qf1+ 54. Kh4 Qf5 55. Rf4 Qg5+ 56. Kh3 Qh5+ 57. Kg2 Qg5 58. Kg1 Ke2 59. Kg2 Ke3 60. Kg1 h5 61. Kg2 Ke2 62.
Kg1 Qd5 63. Rf2+ Ke1 64. Rf4 Ke2 65. Rf2+ Ke3 66. Rf4 Qd1+ 67. Kg2 Qe2+ 68. Kg1 Qe1+ 69. Kg2 Qd2+ 70. Kg1 Qd5 71. Rf2 Qc5 72. Rf4 Qb6 73.
Kg2 Ke2 74. Kh3 Qg6 75. Kg2 Qg5 76. Kg1 Ke3 77. Kg2 Ke2 1/2-1/2

[Event "Late-Titled-Tuesday-Blitz-September-05-2023"]
[Site "Chess.com"]
[Date "2023.09.05"]
[Round "3"]
[White "Russian_berezka"]
[Black "RIPOL"]
[Result "1-0"]
[WhiteElo "2580"]
[BlackElo "2405"]
[TimeControl "180+1"]
[EndTime "14:30:23 PDT"]
[Termination "Russian_berezka won on time"]

1. d4 Nf6 2. Bf4 d5 3. e3 c5 4. c3 Nc6 5. Nd2 e6 6. Bd3 Bd6 7. Bxd6 Qxd6 8. f4 cxd4 9. cxd4 Bd7 10. a3 Ne7 11. Ngf3 Qb6 12. Rb1 Bb5 13. Qe2 Bxd3 14. Qxd3 Nf5 15. Ne5 Nd6 16. O-O O-O 17. Rfc1 Rfc8 18.
b4 Nfe4 19. Nxe4 Nxe4 20. Nd7 Qd8 21. Nc5 Nd6 22. h3 b6 23. Nb3 Ne4 24. Nd2 Nxd2 25. Qxd2 Rc4 26. Rxc4 dxc4 27. b5 Rc8 28. Rc1 Qd5 29.
Qb4 h6 30. a4 Qe4 31. Kf2 Qd3 32. Qc3 Qe4 33. Qc2 Qd5 34. Qc3 Qe4 35. Qd2 g5 36. fxg5 hxg5 37. Qc2 Qd5 38. Qe2 c3 39. Qd3 Qc4 40.
Qxc4 Rxc4 41. Ke2 Rxa4 42. Rxc3 Ra5 43. Rc7 Rxb5 44. Rxa7 Kg7 45. Kf3 Rb3 46. Rb7 b5 47. g3 b4 48. h4 gxh4 49. gxh4 Kg6 50. h5+ Kxh5 51. Rxf7 Kg6 52. Rb7 Kf6 53. Ke4 Rb1 54.
Kd3 Rd1+ 55. Kc2 Re1 56. Kd2 Rb1 57. Rb5 Rb3 58. Ke2 Rb2+ 59. Kd3 Rb3+ 60. Ke4 Ke7 61.
Rb6 Kd7 62. Kf4 Rb1 63. Ke5 Re1 64. e4 Rb1 65. Rd6+ Kc7 66. Rxe6 b3 67. Rh6 b2 68.
Rh2 Kd7 69. d5 Ke7 70. Rc2 Kd7 71. Rh2 Ke7 72. Rh7+ Kf8 73. Rb7 Ke8 74. Ke6 1-0

[Event "Late-Titled-Tuesday-Blitz-September-05-2023"]
[Site "Chess.com"]
[Date "2023.09.05"]
[Round "3"]
[White "vladislavkovalev"]
[Black "ridnani2021"]
[Result "1/2-1/2"]
[WhiteElo "2902"]
[BlackElo "2550"]
[TimeControl "180+1"]
[EndTime "14:30:28 PDT"]
[Termination "Game drawn by repetition"]

1. e4 c6 2. Nf3 d5 3. d3 dxe4 4.
dxe4 Qxd1+ 5. Kxd1 Bg4 6. Be2 Nd7 7. Ne1 Bxe2+ 8. Kxe2 O-O-O 9. Be3 g6 10. Nd2 Bg7 11. Nd3 Ngf6 12. f3 Nb6 13. a4 Kb8 14. a5 Nbd7 15. Nc4 a6 16. Rhd1 Ne8 17. Nc5 Kc7 18.
Nxd7 Rxd7 19. Bf4+ Nd6 20. Rd3 Rdd8 21. Rad1 g5 22. Bg3 h5 23. Nxd6 exd6 24. Bxd6+ Kc8 25. c3 Rhe8 26. Bc5 Rxd3 27. Kxd3 Rd8+ 28. Kc2 Rxd1 29.
Kxd1 Be5 30. g3 Kd7 31. Ke2 Ke6 32. Be3 g4 33. f4 Bc7 34. b4 f6 35. f5+ Kf7 36. Kf2 Be5 37. Bd4 Bb8 38. Kg2 Bd6 39. h3 Bb8 40. hxg4 hxg4 41. Kf2 Bc7 42. Be3 Be5 43. Bd4 Bc7 44. c4 Ke7 45. Be3 Be5 46. Bd2 Kd7 47. Be1 Ke7 48. Ke2 Kd7 49. Kd3 Ke7 50.
Bf2 Kd7 51. Bd4 Ke7 52. Bxe5 fxe5 53. Kc3 Kf7 54. Kb3 Kf6 55. Ka3 Kf7 56. Ka4 Ke7 57.
b5 c5 58. Kb3 Kf7 59. Kc3 Ke7 60. Kd3 Kf7 61. Ke3 Ke7 62. Ke2 Kf7 63. Kf2 Ke7 64.
Kg2 Kf7 65. Kg1 Ke7 66. Kf2 Kf7 67. Kf1 Ke7 68. Ke2 Kf7 69. Ke3 Ke7 70. Kd3 Kf7 71. Kc2 Ke7 72. Kd2 Kf7 73. Kc3 Ke7 74. Kc2 Kf7 75.
Kb3 Ke7 76. bxa6 bxa6 77. Ka3 Kf7 78. Ka2 Ke7 79. Kb2 Kf7 80. Kb3 Ke7 81. Kc3 Kf7 82.
Kc2 Ke7 83. Kd3 Kf7 84. Kd2 Ke7 85. Ke3 Kf7 86. Ke2 Ke7 87. Kf2 Kf7 88. Kg2 Ke7 89.
Kh2 Kf7 90. Kh1 Ke7 91. Kg1 Kf7 92. Kf1 Ke7 93. Ke1 Kf7 94. Kd1 Ke7 95. Kc1 Kf7 96. Kb1 Ke7 97. Ka1 Kf7 98. Ka2 Ke7 99. Kb2 Kf7 100.
Kc2 Ke7 101. Kd2 Kf7 102. Ke2 Ke7 103. Kf2 Kf7 104. Kg2 Ke7 105. Kh2 Kf7 106. Kh1 Ke7 107. Kg1 Kf7 108. Kf1 Ke7 109. Ke1 Kf7 110. Kd1 Ke7 111. Kc1 Kf7 112. Kb1 Ke7 113. Ka1 Kf7 114. f6 Kxf6 115. Ka2 Ke6 116. Ka1 Kd6 117. Ka2 Ke6 118. Ka1 Kd6 119. Ka2 Ke6 1/2-1/2

[Event "Late-Titled-Tuesday-Blitz-September-05-2023"]
[Site "Chess.com"]
[Date "2023.09.05"]
[Round "3"]
[White "Athanasios2"]
[Black "AquivaRubinstein"]
[Result "1-0"]
[WhiteElo "2716"]
[BlackElo "2485"]
[TimeControl "180+1"]
[EndTime "14:30:28 PDT"]
[Termination "Athanasios2 won on time"]

1. e4 Nf6 2. e5 Nd5 3. d4 d6 4.
Nf3 g6 5. Bc4 c6 6. O-O Bg7 7.
Re1 O-O 8. Nbd2 dxe5 9. Nxe5 Nb6 10. c3 Nxc4 11. Ndxc4 Be6 12. Bf4 f6 13. Nxc6 Nxc6 14. Rxe6 Qd5 15. Qe2 Ne5 16. Rxe5 fxe5 17. Bxe5 Bh6 18. h3 b5 19. Ne3 Qe4 20. Re1 Bxe3 21. Qxe3 Qxe3 22. Rxe3 Rfc8 23. Bf4 Kf7 24. g3 a5 25. Rf3 Kg8 26. Bg5 Ra7 27. Re3 Kf7 28. Rf3+ Kg8 29. a3 b4 30. axb4 axb4 31. Re3 bxc3 32. bxc3 Kf7 33. Kg2 Rc4 34. h4 Rac7 35. Rf3+ Kg8 36. Bd2 R7c6 37. Re3 e6 38. Re5 Kf7 39.
Rb5 h5 40. Kf3 Ra4 41. Ke4 Ra2 42. Kd3 Rc7 43. f3 Rd7 44. Bf4 Ra3 45. Rc5 Ra6 46.
Rc8 Ra2 47. Be5 Ra1 48. Rh8 Rd1+ 49. Ke2 Rc1 50. Kd2 Rf1 51. Rh7+ Ke8 52. Rh8+ Kf7 53. Ke2 Rc1 54. Rh7+ Ke8 55. Rh6 Kf7 56. g4 hxg4 57. fxg4 Rg1 58. h5 Rxg4 59. Rh7+ Ke8 60. hxg6 Rxg6 61.
Rh8+ Kf7 62. Kd3 Rg8 63. Rh1 Ke8 64. c4 Rg4 65. c5 Rg8 66. c6 Ra7 67. Rb1 Ke7 68.
Rb7+ Rxb7 69. cxb7 Kd7 70. b8=Q Rxb8 71. Bxb8 Kc6 72.
Ke4 Kd7 73. Bg3 Ke7 74. Ke5 Kd7 75. Bh4 Kc6 76. Kxe6 1-0

[Event "Late-Titled-Tuesday-Blitz-September-05-2023"]
[Site "Chess.com"]
[Date "2023.09.05"]
[Round "3"]
[White "Jarming"]
[Black "jcibarra"]
[Result "1-0"]
[WhiteElo "2660"]
[BlackElo "2904"]
[TimeControl "180+1"]
[EndTime "14:30:33 PDT"]
[Termination "Jarming won on time"]

1. c4 e5 2. g3 Nf6 3. Bg2 c6 4. Nf3 e4 5. Nd4 Qb6 6. Nc2 d5 7. cxd5 cxd5 8. d3 Nc6 9. Nc3 Be7 10. O-O O-O 11. dxe4 dxe4 12. Nxe4 Nxe4 13. Bxe4 Rd8 14. Qe1 Bf6 15. Rb1 Bh3 16. Bg2 Bf5 17. e4 Be6 18. b3 Ne5 19. Be3 Qa6 20. Nb4 Qb5 21. Nd5 Bxd5 22. exd5 Rxd5 23. a4 Qd7 24. Rd1 Rxd1 25.
Qxd1 Qe7 26. Qd5 Nc6 27. Bc5 Qe8 28. b4 Rd8 29. Qe4 Qxe4 30. Bxe4 Nxb4 31. Bxb7 a5 32.
Rb1 Bc3 33. Bf3 g6 34. Kg2 Rd2 35. Rc1 Bd4 36. Bxd4 Rxd4 37. Rc8+ Kg7 38. Ra8 Nd3 39. Bc6 Rb4 40. Bb5 Ne5 41. Rxa5 Rb2 42. h3 Ra2 43. Ra7 Rc2 44. a5 Rb2 45. Bf1 Rb3 46. a6 Nf3 47. Rb7 Ra3 48. a7 Ne5 49. Bb5 Ra5 50. f4 Ra2+ 51. Kf1 Nf3 52. Bc6 Nd2+ 53. Ke1 Nc4 54. Bd5 Ra1+ 55. Ke2 Nd6 56. Rd7 Nf5 57. a8=Q Nxg3+ 58. Kf3 Rxa8 59. Bxa8 Nf5 60. Be4 Nh6 61. Bd5 Kf6 62. Ra7 Kg7 63. Bc4 Kf6 64. Ke4 Kg7 65. Ke5 Kf8 66. Kd6 Kg7 67. Kd7 Kf6 68. Ke8 Kf5 69.
Bxf7 Kxf4 70. Kf8 Nf5 71. Bg8 h5 72. Bh7 Nh4 73. Ra6 Kg5 74. Kg7 Nf5+ 75. Kh8 Nh4 76.
Kg7 Nf5+ 77. Kf7 Nh6+ 78. Ke8 Kh4 79. Rxg6 Nf5 80. Ra6 Ng3 81. Ra3 Kxh3 82. Kf7 Kg4 83. Kf6 h4 84. Ra4+ Kh3 85. Bf5+ 1-0

[Event "Late-Titled-Tuesday-Blitz-September-05-2023"]
[Site "Chess.com"]
[Date "2023.09.05"]
[Round "3"]
[White "Polish_fighter3000"]
[Black "baag"]
[Result "1-0"]
[WhiteElo "3086"]
[BlackElo "2768"]
[TimeControl "180+1"]
[EndTime "14:30:39 PDT"]
[Termination "Polish_fighter3000 won by resignation"]

1. e4 c6 2. d4 d5 3. e5 Bf5 4. Nf3 e6 5. Be2 Ne7 6. O-O Ng6 7. Be3 Nd7 8. Nbd2 f6 9. exf6 Qxf6 10. c4 Bd6 11. Qb3 Rb8 12. Rfe1 h6 13. Bd3 O-O 14. Bxf5 Qxf5 15. Re2 b5 16. cxd5 exd5 17. Rc1 Rbc8 18. Qc2 Nf4 19. Bxf4 Bxf4 20. Qxf5 Rxf5 21. g3 Bxd2 22.
Nxd2 c5 23. dxc5 Rxc5 24. Nb3 Rxc1+ 25. Nxc1 Nc5 26. Re7 Ne4 27. f4 Rf7 28. Re8+ Kh7 29. Rc8 Re7 30. Nd3 Nd6 31. Rc5 d4 32. Ne5 g5 33. Rd5 gxf4 34. gxf4 Nc4 35. Nxc4 bxc4 36. Rxd4 Re2 37. Rxc4 Rxb2 38. Ra4 Kg6 39. Rxa7 Kf5 40.
Ra4 Kg4 41. Ra8 Kxf4 42. Rf8+ Kg4 43. Rf2 Rb1+ 44. Kg2 Ra1 45. Rc2 h5 46. Rc4+ Kg5 47. Rc2 Kg4 48. Rd2 h4 49. Rd4+ Kg5 50. Rd5+ Kf4 51.
Ra5 Kg4 52. Ra4+ Kf5 53. Kh3 Kg5 54. Ra5+ Kg6 55. Kxh4 Rc1 56. Ra6+ Kf5 57. Ra5+ Kg6 58. Rg5+ Kf6 59. Rg2 Rc4+ 60. Kh5 Rc5+ 61. Kh6 Rc4 62. Rf2+ Ke7 63. Kg5 Rc5+ 64. Kg4 Rc4+ 65. Kg3 Rc3+ 66.
Rf3 Rc1 67. h4 Rg1+ 68. Kh3 Rh1+ 69. Kg4 Rg1+ 70. Rg3 Rh1 71. Rf3 Rg1+ 72. Kh5 Rg8 73. a4 Rh8+ 74. Kg4 Rg8+ 75. Kh3 Ra8 76. Rf4 Ke6 77. Kg4 Rg8+ 78. Kf3 Ke5 79. Re4+ Kf5 80. Rf4+ Ke5 81. a5 Ra8 82. Ra4 Ra6 83. Kg4 Kf6 84.
h5 Kg7 85. Kg5 Kh7 86. Kf5 Kh6 87. Ke5 1-0

[Event "Late-Titled-Tuesday-Blitz-September-05-2023"]
[Site "Chess.com"]
[Date "2023.09.05"]
[Round "3"]
[White "ilya2700"]
[Black "Valio_M1948"]
[Result "0-1"]
[WhiteElo "2243"]
[BlackElo "2516"]
[TimeControl "180+1"]
[EndTime "14:30:43 PDT"]
[Termination "Valio_M1948 won by resignation"]

1. e4 e5 2. Nf3 d5 3. Nxe5 Bd6 4. d4 dxe4 5. Bc4 Bxe5 6. Qh5 Qe7 7. Qxe5 Qxe5 8.
dxe5 Nc6 9. Bf4 Nge7 10. Nc3 Ng6 11. Bg3 Ncxe5 12. Bb3 Bf5 13. O-O-O O-O 14. Rd5 Rfe8 15. h4 c6 16. Rd6 h5 17. Rhd1 Kf8 18. R1d4 Ng4 19.
f3 exf3 20. gxf3 N4e5 21. Rb4 Re7 22. Ne4 Nxf3 23. Ng5 Nfe5 24. Rbd4 Rae8 25. Rd8 Rxd8 26. Rxd8+ Re8 27. Rxe8+ Kxe8 28. Kd2 Ke7 29. Ke3 f6 30.
Ne4 b6 31. Nf2 Be6 32. Kd4 Bxb3 33. axb3 Nf3+ 34. Kc4 Nfxh4 35. Ne4 Nf5 36. Bh2 Ne5+ 37. Kc3 h4 38. b4 g5 39. Nf2 Nf3 40. Bb8 a6 41.
Bc7 b5 42. Kd3 h3 43. Nxh3 g4 44. Nf2 g3 45. Nh3 g2 46. Ke4 g1=Q 47. Nxg1 Nxg1 48.
Kxf5 Nf3 49. Bg3 Nd4+ 50. Ke4 Nxc2 51. Bf2 Ke6 52. Bc5 Na1 53. Kf4 Nb3 54. Bf8 Kd5 55. Kf5 Kc4 56. Kxf6 Nd4 57. Ke5 Nc2 58. Kd6 Nxb4 59.
Kc7 c5 60. Kb7 Nd3 61. Kxa6 Nxb2 62. Kb6 Nd3 63. Ka5 b4 64. Ka4 Kc3 65. Bg7+ Kc2 66. Kb5 b3 67. Kc4 b2 68. Bxb2 Kxb2 69. Kxd3 Kb3 70.
Kd2 c4 71. Kc1 Kc3 0-1

[Event "Late-Titled-Tuesday-Blitz-September-05-2023"]
[Site "Chess.com"]
[Date "2023.09.05"]
[Round "3"]
[White "traack"]
[Black "ketster"]
[Result "1/2-1/2"]
[WhiteElo "2375"]
[BlackElo "2543"]
[TimeControl "180+1"]
[EndTime "14:30:46 PDT"]
[Termination "Game drawn - insufficient material"]

1. e4 c6 2. Nf3 d5 3. Nc3 dxe4 4. Nxe4 Nf6 5. Qe2 Nxe4 6. Qxe4 Qd5 7. Qf4 Qf5 8. Qe3 g6 9. d4 Bg7 10. Bd3 Qe6 11. O-O Qxe3 12. fxe3 O-O 13. c3 Nd7 14. e4 e5 15. Be3 exd4 16. cxd4 Nf6 17. Rfe1 Re8 18.
Bd2 Bg4 19. Bc3 Rad8 20. h3 Bxf3 21. gxf3 Nh5 22. d5 Bxc3 23. bxc3 cxd5 24. exd5 Rxe1+ 25.
Rxe1 Rxd5 26. Be4 Rd7 27. c4 Nf4 28. h4 Rc7 29. Rb1 b6 30. Rb4 Kg7 31. Kf2 Kf6 32. Ke3 Ne6 33. Bd5 Nc5 34. Rb1 Re7+ 35. Kd2 h6 36.
Rg1 Re5 37. Rg4 Rh5 38. Rf4+ Rf5 39. Rg4 h5 40. Rd4 Ke5 41. Kc3 Na4+ 42. Kd3 Nc5+ 43. Kc3 f6 44. Rd1 Rf4 45. Re1+ Kd6 46. Re8 Rxh4 47.
Rd8+ Ke7 48. Rg8 g5 49. Rg7+ Kd6 50. Rxa7 Nd7 51. Ra8 Rh2 52. Re8 h4 53. Re6+ Kc7 54. Re7 Kd8 55. Rh7 Nc5 56. Kb4 Rb2+ 57. Ka3 Rb1 58. Rf7 h3 59. Rh7 Rh1 60. f4 Rh2 61.
fxg5 fxg5 62. Bf3 Ke8 63. Bg4 Nd3 64. Rxh3 Rxh3 65. Bxh3 Nf2 66. Bf5 g4 67. Be6 g3 68.
Bd5 Kd7 69. Kb4 Nd3+ 70. Kc3 Nc5 71. Bg2 Kd6 72. Kb4 Kc7 73. a4 Ne6 74. a5 bxa5+ 75. Kxa5 Kd6 76. Kb4 Kc7 77. Kc3 Nf4 78. Bf3 Kd6 79. Kd4 Ne6+ 80. Ke3 Nc5 81. Bg2 Nb3 82. Kf4 Nd2 83. Kxg3 Nxc4 1/2-1/2

[Event "Late-Titled-Tuesday-Blitz-September-05-2023"]
[Site "Chess.com"]
[Date "2023.09.05"]
[Round "3"]
[White "CrushingKings"]
[Black "mbojan"]
[Result "1/2-1/2"]
[WhiteElo "2534"]
[BlackElo "2822"]
[TimeControl "180+1"]
[EndTime "14:30:49 PDT"]
[Termination "Game drawn - insufficient material"]

1. Nf3 g6 2. d4 Bg7 3. g3 d6 4. Bg2 e5 5. dxe5 dxe5 6. Qxd8+ Kxd8 7. O-O f6 8. e4 Be6 9. Be3 Nd7 10. Nfd2 c6 11. Nc3 Kc7 12. a4 Bh6 13. f4 Ne7 14. Rfe1 Rhe8 15. Bf1 exf4 16. gxf4 f5 17. e5 Nd5 18. Nxd5+ Bxd5 19. Nc4 Bf8 20. Kf2 Nc5 21. Rad1 Nxa4 22. Nd6 Bxd6 23. exd6+ Kd7 24. c4 Be4 25. b3 Nb6 26. Kg3 Nc8 27. c5 a6 28. Kh4 h6 29.
Bc4 Na7 30. Bf7 Rg8 31. Bxg8 Rxg8 32. Rg1 Nb5 33. Bc1 Nc3 34. Rd2 Nd5 35. Rf2 Nf6 36.
Bb2 Nd5 37. Bd4 Ke6 38. Re2 Nxf4 39. Re3 g5+ 40. Kg3 Nd5 41. Re2 Kd7 42. h4 gxh4+ 43.
Kxh4 Rxg1 44. Bxg1 Nf4 45. Rh2 Ke6 46. Be3 Nd5 47.
Bxh6 Nf6 48. Re2 Nd7 49. Be3 a5 50. Re1 Ke5 51. Kg5 Nf8 52. Kh6 Nd7 53. Kg5 Nf8 54. Bf4+ Kd5 55. Kf6 Nd7+ 56. Ke7 Nxc5 57. d7 Nxd7 58.
Kxd7 Kd4 59. Bd6 b5 60. Kc7 Kc3 61. Kb6 Kxb3 62. Kxa5 Kc3 63. Rc1+ Kd2 64. Bf4+ Ke2 65. Kb4 Kf3 66. Re1 Kxf4 67. Kc5 Ke5 68. Rf1 f4 69. Rh1 f3 70. Rh5+ Kf4 71. Rh8 Bd5 72. Rf8+ Kg3 73. Kd4 f2 74. Ke3 b4 75. Rxf2 b3 76. Rd2 Kg4 77.
Kd4 Kf5 78. Kc3 Ke4 79. Rd1 Ke5 80. Rd2 Kd6 81. Rd1 Kc5 82. Rd2 Bc4 83. Rd4 Bd5 84. Rb4 Kd6 85. Rb8 Ke5 86. Rd8 Kf5 87. Rc8 Ke4 88. Rxc6 Bxc6 89. Kxb3 1/2-1/2

[Event "Late-Titled-Tuesday-Blitz-September-05-2023"]
[Site "Chess.com"]
[Date "2023.09.05"]
[Round "3"]
[White "IMSlavin"]
[Black "whitemirrorninja"]
[Result "1/2-1/2"]
[WhiteElo "2165"]
[BlackElo "2503"]
[TimeControl "180+1"]
[EndTime "14:31:11 PDT"]
[Termination "Game drawn by repetition"]

1. e4 c5 2. g3 h5 3. h3 h4 4. g4 Nc6 5. Bg2 e6 6. Nc3 Nf6 7. f4 d5 8. e5 Nd7 9. Nf3 a6 10. d3 b5 11. O-O Nb6 12. Bd2 Qc7 13. Be1 b4 14. Ne2 a5 15. Bxh4 Ba6 16. Bg3 d4 17.
Ng5 Be7 18. Ne4 Nd5 19. Qd2 O-O-O 20. a3 c4 21. dxc4 Bxc4 22. axb4 Bxb4 23. c3 dxc3 24. bxc3 Nxc3 25. Nd6+ Rxd6 26. exd6 Nxe2+ 27. Qxe2 Qb6+ 28.
Bf2 Bxe2 29. Bxb6 Kd7 30. Rf2 Bb5 31. Bc7 Bxd6 32. Bxd6 Kxd6 33. Bxc6 Kxc6 34. Rxa5 Rxh3 35. Kg2 Rc3 36. Ra7 f5 37. Rxg7 Kd5 38. gxf5 exf5 39.
Re7 Bc6 40. Re5+ Kd4+ 41. Kg1 Be4 42. Rd2+ Ke3 43. Rd1 Rc2 44. Re8 Rg2+ 45. Kf1 Rh2 46. Rg8 Bf3 47. Re1+ Kxf4 48. Rg1 Be4 49. Rc1 Bd3+ 50.
Ke1 Re2+ 51. Kd1 Ke4 52. Rg3 f4 53. Rxd3 Kxd3 54. Rc3+ Kxc3 55. Kxe2 Kd4 56. Kf3 Ke5 57. Kf2 Kf6 58. Kf3 Kf5 59. Kf2 Kg5 60. Kf3 Kf5 61. Kf2 Ke6 62. Kf3 Ke5 63. Kf2 Ke4 64.
Ke2 f3+ 65. Kf2 Kf4 66. Kf1 Kg3 67. Kg1 Kg4 68. Kf2 Kf4 69. Kf1 Kg3 70. Kg1 Kf4 71. Kf2 Ke4 72. Kf1 Ke3 73. Ke1 Kd3 74. Kf2 Ke4 75.
Kf1 Ke3 76. Ke1 Kf4 77. Kf2 Kg4 78. Kf1 Kf5 79. Kf2 Ke4 1/2-1/2